[Event "ICCopen2016"]
[Site "Internet Chess Club"]
[Date "2016.06.03"]
[Round "1"]
[White "DEHO"]
[Black "GoldenCountry"]
[Result "0-1"]
[ICCResult "White forfeits on time"]
[WhiteElo "2229"]
[BlackElo "1461"]
[Opening "QGD: exchange, positional line"]
[ECO "D35"]
[NIC "QO.16"]
[Time "19:02:57"]
[TimeControl "180+0"]

1. d4 Nf6 2. c4 e6 3. Nc3 d5 4. cxd5 exd5 5. Bg5 Bb4 6. e3 h6 7. Bxf6 Qxf6
8. Qa4+ Nc6 9. Bb5 Bxc3+ 10. bxc3 Bd7 11. Nf3 O-O 12. O-O a6 13. Bxc6 Bxc6
14. Qb3 Bb5 15. Rfc1 c6 16. Nd2 Rab8 17. a4 Bd3 18. a5 Qg6 19. Nf3 Be4 20.
Ne1 Bf5 21. c4 Be6 22. c5 Bh3 23. e4 Be6 24. e5 Qe4 25. Qe3 Qxe3 26. fxe3 f6
27. Nf3 Bg4 28. exf6 Bxf3 29. gxf3 Rxf6 30. Kg2 Rbf8 31. Rf1 g5 32. h3 Kf7
33. Ra3 Ke6 34. Rb3 R8f7 35. Rf2 Re7 36. Rfb2 Rff7 {White forfeits on time}
0-1

[Event "ICCopen2016"]
[Site "Internet Chess Club"]
[Date "2016.06.03"]
[Round "1"]
[White "kireetidev"]
[Black "VrloJakMK"]
[Result "0-1"]
[ICCResult "White forfeits on time"]
[WhiteElo "1340"]
[BlackElo "2151"]
[Opening "French: exchange variation"]
[ECO "C01"]
[NIC "FR.01"]
[Time "19:03:03"]
[TimeControl "180+0"]

1. e4 e6 2. d4 d5 3. exd5 exd5 4. Nf3 c5 5. c3 Nf6 6. dxc5 Bxc5 7. Bb5+ Nc6
8. O-O O-O 9. h3 Qd6 10. Bg5 Bf5 11. Nbd2 a6 12. Bxc6 bxc6 13. Nb3 Bb6 14.
a3 Ne4 15. Bh4 h6 16. Nbd4 Bd7 17. Qb3 Rab8 18. Qa4 a5 19. Qd1 Rfe8 20. Re1
Qf4 21. Qc1 Qxc1 22. Raxc1 g5 23. Bg3 Nxg3 24. fxg3 f6 25. Kh1 Bc7 26. g4
Rxb2 27. Rxe8+ Bxe8 28. Re1 Kf7 29. Nf5 Bd7 30. Re7+ Kf8 31. Rxd7 Rb1+ 32.
Ng1 Bb6 33. Kh2 Bxg1+ 34. Kg3 Rb3 35. Kf3 Rxc3+ 36. Ke2 Rxa3 37. Nxh6 a4 38.
Kf1 Bc5 39. Ke2 Rb3 {White forfeits on time} 0-1

[Event "ICCopen2016"]
[Site "Internet Chess Club"]
[Date "2016.06.03"]
[Round "1"]
[White "carpedef"]
[Black "Dlugy"]
[Result "0-1"]
[ICCResult "White resigns"]
[WhiteElo "1830"]
[BlackElo "2956"]
[Opening "Sicilian"]
[ECO "B50"]
[NIC "SI.01"]
[Time "19:02:55"]
[TimeControl "180+0"]

1. e4 c5 2. Nf3 d6 3. d3 Nc6 4. g3 g6 5. Bg2 Bg7 6. O-O e5 7. c3 Nge7 8. Ne1
d5 9. Qe2 O-O 10. f4 exf4 11. gxf4 dxe4 12. dxe4 Re8 13. Qf2 b6 14. Kh1 Ba6
15. Rg1 f5 16. e5 Qd7 17. Nd2 Rad8 18. Ndf3 Bb7 19. Be3 Na5 20. b3 Nd5 21.
Bd2 c4 22. b4 Nc6 23. Nc2 Rc8 24. Ne3 Nd8 25. Nxd5 Bxd5 26. Rad1 Ne6 27. Be3
Qc6 28. Nd4 Bxg2+ 29. Qxg2 Qxg2+ 30. Rxg2 Nxd4 31. Rxd4 Red8 32. Rgd2 Rxd4
33. Rxd4 Rc7 34. Kg2 Kf7 35. h4 Bf8 36. Kf3 Be7 37. Kg3 Ke6 38. a4 a5 39. b5
Ba3 40. Rd2 Rb7 41. Kf3 Be7 42. Bf2 Rb8 43. Rd4 Rc8 44. Rd1 Rb8 45. Be3 h6
46. Rd4 Rc8 47. Rd1 Rb8 48. Rg1 Kf7 49. Rd1 Bxh4 50. Rh1 g5 51. fxg5 hxg5
52. Rd1 Ke6 53. Rd6+ Kxe5 54. Rxb6 g4+ 55. Ke2 Re8 56. Rh6 Bg3 57. Kd2 f4
58. Bd4+ Ke4 59. b6 f3 60. b7 Bf4+ 61. Kc2 Bxh6 62. Ba7 Bf4 63. Bb6 g3 64.
Bxa5 f2 {White resigns} 0-1

[Event "ICCopen2016"]
[Site "Internet Chess Club"]
[Date "2016.06.03"]
[Round "1"]
[White "BlitzFreakay"]
[Black "psychopat2016"]
[Result "1-0"]
[ICCResult "Black forfeits on time"]
[WhiteElo "2057"]
[BlackElo "1284"]
[Opening "Levitsky attack (Queen's bishop attack)"]
[ECO "D00"]
[NIC "QP.08"]
[Time "19:03:17"]
[TimeControl "180+0"]

1. d4 d5 2. Bg5 f6 3. Bh4 g5 4. Bg3 Nc6 5. e3 Be6 6. c4 dxc4 7. Nc3 Bf7 8.
d5 Ne5 9. Nf3 Nd3+ 10. Bxd3 cxd3 11. Qxd3 Bg6 12. Qb5+ Kf7 13. Qxb7 Rb8 14.
Qxc7 Qxc7 15. Bxc7 Rxb2 16. O-O g4 17. Nd4 Bg7 18. Ne6 Nh6 19. e4 Rc8 20.
Ba5 f5 21. Nxg7 Kxg7 22. e5 f4 23. d6 exd6 24. exd6 Nf5 25. d7 Rcb8 26. d8=Q
Rxd8 27. Bxd8 Nd4 28. Bc7 f3 29. Be5+ Kh6 30. Bxd4 Kh5 31. g3 Bd3 32. Nd5
Bxf1 33. Nf4+ {Black forfeits on time} 1-0

[Event "ICCopen2016"]
[Site "Internet Chess Club"]
[Date "2016.06.03"]
[Round "1"]
[White "Nostradamus"]
[Black "panom"]
[Result "1-0"]
[ICCResult "Black forfeits on time"]
[WhiteElo "2471"]
[BlackElo "1592"]
[Opening "Four knights: Scotch, 4...exd4"]
[ECO "C47"]
[NIC "KP.06"]
[Time "19:02:34"]
[TimeControl "180+0"]

1. e4 e5 2. Nf3 Nc6 3. Nc3 Nf6 4. d4 exd4 5. Nxd4 Bc5 6. Be3 Nxd4 7. Bxd4
Bxd4 8. Qxd4 O-O 9. O-O-O Re8 10. e5 c5 11. Qf4 Nh5 12. Qe4 Qg5+ 13. Kb1
Rxe5 14. Qc4 b6 15. g3 Bb7 16. f4 Qg6 17. fxe5 Bxh1 18. Bd3 Qc6 19. Qg4 Bf3
20. Qf5 g6 21. Qg5 Bxd1 22. Be4 Qe6 23. Bxa8 Bg4 24. b3 Qf5 25. Qe3 Ng7 26.
Nd5 Qf1+ 27. Kb2 Nf5 28. Qg5 Qg1 29. Qd8+ Kg7 30. Qf6+ Kg8 31. Nc3 Nd4 32.
Bd5 Be6 33. Qd8+ Kg7 34. Qf6+ Kg8 35. Bxe6 {Black forfeits on time} 1-0

[Event "ICCopen2016"]
[Site "Internet Chess Club"]
[Date "2016.06.03"]
[Round "1"]
[White "ARMCOMPOSER"]
[Black "leonardoalmeida"]
[Result "1-0"]
[ICCResult "Black forfeits on time"]
[WhiteElo "3137"]
[BlackElo "1884"]
[Opening "Scandinavian (center counter) defense"]
[ECO "B01"]
[NIC "VO.17"]
[Time "19:02:32"]
[TimeControl "180+0"]

1. e4 d5 2. exd5 Qxd5 3. Nf3 c6 4. Be2 Bg4 5. O-O e6 6. d4 Nf6 7. h3 Bh5 8.
c4 Qa5 9. Nc3 Nbd7 10. Bf4 Be7 11. Ne5 Bxe2 12. Qxe2 O-O 13. Rad1 Qb6 14.
Rfe1 Rad8 15. Bg5 Rfe8 16. Nf3 h6 17. Bf4 Nf8 18. Bh2 Ng6 19. a3 a5 20. Ne5
Nxe5 21. Bxe5 Rd7 22. Qc2 Red8 23. Na4 Qa7 24. Nc3 Ne8 25. Ne2 Bf6 26. Bxf6
Nxf6 27. Rd3 b5 28. c5 Nd5 29. Red1 b4 30. a4 Rb8 31. Nc1 Re8 32. Nb3 g5 33.
Re1 Kg7 34. Nd2 Nf4 35. Rf3 Rxd4 36. Ne4 Red8 37. Nd6 R8xd6 38. cxd6 Rxd6
39. b3 Qd7 40. Qb2+ Kg6 41. Qc2+ Kg7 42. Qb2+ Kg6 43. Qh8 Rd3 44. Qg8+ Kf6
45. Qh8+ Kg6 46. Rxd3 Qxd3 47. Qg8+ Kf6 48. Qh8+ Kg6 49. g3 Nxh3+ 50. Kg2
Qf5 51. Qg8+ Kf6 52. Qd8+ Kg6 53. Re2 g4 54. Qg8+ Kf6 55. Qd8+ Kg6 56. Kf1
h5 57. Qg8+ Kf6 58. Qd8+ Kg6 59. Rd2 Qe4 60. Qg8+ Kf6 61. Qh8+ Kg6 62. Qg8+
Kf6 63. Qd8+ Kg6 64. Qd3 Qxd3+ 65. Rxd3 {Black forfeits on time} 1-0

[Event "ICCopen2016"]
[Site "Internet Chess Club"]
[Date "2016.06.03"]
[Round "1"]
[White "SuperGMBobbyF"]
[Black "ShadowLike"]
[Result "0-1"]
[ICCResult "White forfeits on time"]
[WhiteElo "1191"]
[BlackElo "1973"]
[Opening "Four knights: Scotch, 4...exd4"]
[ECO "C47"]
[NIC "VG.04"]
[Time "19:03:00"]
[TimeControl "180+0"]

1. e4 e5 2. Nc3 Nf6 3. Nf3 Nc6 4. d4 exd4 5. Nxd4 Be7 6. Nxc6 dxc6 7. Bd3
O-O 8. O-O Ng4 9. Qf3 Ne5 10. Qe3 Nxd3 11. cxd3 b6 12. b3 Ba6 13. Rd1 Bf6
14. Bb2 c5 15. Rab1 Re8 16. Ne2 Bxb2 17. Rxb2 Qf6 18. Rbd2 Rad8 19. Ng3 g6
20. f4 h5 21. e5 h4 22. Ne4 Qf5 23. Ng5 Rd4 24. g3 Red8 {White forfeits on
time} 0-1

[Event "ICCopen2016"]
[Site "Internet Chess Club"]
[Date "2016.06.03"]
[Round "1"]
[White "Harmonie"]
[Black "TitanRivas"]
[Result "1-0"]
[ICCResult "Black forfeits on time"]
[WhiteElo "3158"]
[BlackElo "1918"]
[Opening "Neo-Grünfeld, 6.O-O, main line"]
[ECO "D79"]
[NIC "GI.02"]
[Time "19:02:57"]
[TimeControl "180+0"]

1. Nf3 Nf6 2. g3 g6 3. Bg2 Bg7 4. O-O O-O 5. d4 d5 6. c4 c6 7. cxd5 cxd5 8.
Nc3 e6 9. Ne5 Nfd7 10. Nf3 Nc6 11. Bf4 Qb6 12. Na4 Qa6 13. Rc1 e5 14. dxe5
Ndxe5 15. Nxe5 Nxe5 16. a3 Be6 17. Nc5 Qb6 18. b4 Rfd8 19. Bxe5 Bxe5 20. Qd3
Rac8 21. Rfd1 a5 22. Nxe6 fxe6 23. bxa5 Qxa5 24. Bh3 Rxc1 25. Bxe6+ Kg7 26.
Rxc1 Bb2 27. Rb1 Qxa3 28. Qxa3 Bxa3 29. Rxb7+ Kf6 30. Bf7 d4 31. Bc4 Be7 32.
f4 h5 33. Kg2 Rc8 34. Bd3 Rc3 35. Rb6+ Kf7 36. Bxg6+ Kg7 37. Bxh5 Re3 38.
Bf3 d3 39. exd3 Rxd3 40. h4 Rc3 41. h5 Bd8 42. Rg6+ {Black forfeits on time}
1-0

[Event "ICCopen2016"]
[Site "Internet Chess Club"]
[Date "2016.06.03"]
[Round "1"]
[White "Danya"]
[Black "chessrex"]
[Result "1-0"]
[ICCResult "Black checkmated"]
[WhiteElo "3067"]
[BlackElo "1875"]
[Opening "Queen's pawn: Charlick (Englund) gambit"]
[ECO "A40"]
[NIC "QO.17"]
[Time "19:02:37"]
[TimeControl "180+0"]

1. d4 e5 2. dxe5 Nc6 3. Nf3 Nge7 4. Bf4 Ng6 5. Bg3 Qe7 6. Nc3 Qb4 7. Rb1 Qa5
8. a3 Bxa3 9. bxa3 Qxc3+ 10. Qd2 Qxa3 11. e3 a6 12. h4 Qe7 13. Qc3 h5 14.
Bd3 b6 15. e6 Qxe6 16. Qxg7 Rf8 17. Ng5 Qe7 18. Nh7 d6 19. Nxf8 Nxf8 20. Qc3
Bb7 21. O-O O-O-O 22. Bxa6 Qd7 23. Bxb7+ Kxb7 24. Ra1 Ne6 25. Qa3 Nc5 26.
Rfb1 Rb8 27. Qa2 Kc8 28. Qd5 Ne6 29. Qxh5 Kb7 30. Qf5 Nc5 31. Qf3 d5 32. h5
Rh8 33. Rd1 Rd8 34. c4 d4 35. exd4 Na6 36. Qa3 Ncb8 37. h6 Rh8 38. Qf3+ Qc6
39. d5 Qxc4 40. d6+ Qc6 41. dxc7 Nd7 42. Qxf7 Qxc7 43. Bxc7 Nxc7 44. Rxd7
Rc8 45. Rc1 b5 46. Rdxc7+ Rxc7 47. Qxc7+ Ka6 48. Rc6# {Black checkmated} 1-0

[Event "ICCopen2016"]
[Site "Internet Chess Club"]
[Date "2016.06.03"]
[Round "1"]
[White "Mercury"]
[Black "UltimateR3cruit"]
[Result "1-0"]
[ICCResult "Black forfeits on time"]
[WhiteElo "2344"]
[BlackElo "1492"]
[Opening "KP: Nimzovich defense"]
[ECO "B00"]
[NIC "VO.06"]
[Time "19:02:53"]
[TimeControl "180+0"]

1. e4 Nc6 2. d4 d5 3. exd5 Qxd5 4. Nf3 e5 5. c4 Qe4+ 6. Be3 Bb4+ 7. Nc3
Bxc3+ 8. bxc3 Bf5 9. d5 Nce7 10. Qb3 Nf6 11. Qb5+ c6 12. Qxb7 O-O 13. Qxe7
Ng4 14. Ng5 Qc2 15. Rc1 Qxa2 16. Be2 Nxe3 17. fxe3 Rae8 18. Qc5 cxd5 19.
cxd5 h6 20. Nf3 Be4 21. Qb5 Bxd5 22. c4 Bxf3 23. gxf3 f5 24. Kf2 e4 25. Qd5+
Kh8 26. f4 Rd8 27. Qb7 Rd2 28. Rce1 Rfd8 29. Rhg1 Rg8 30. Rg6 Qxc4 31. Qe7
Qc6 32. Rxc6 Rgd8 33. Rc7 Rg8 34. Rg1 Rd7 35. Rxd7 {Black forfeits on time}
1-0

[Event "ICCopen2016"]
[Site "Internet Chess Club"]
[Date "2016.06.03"]
[Round "1"]
[White "Tal-Baron"]
[Black "ALexiz"]
[Result "0-1"]
[ICCResult "White checkmated"]
[WhiteElo "2872"]
[BlackElo "1839"]
[Opening "Sicilian: Najdorf, Browne variation"]
[ECO "B96"]
[NIC "SI.04"]
[Time "19:03:36"]
[TimeControl "180+0"]

1. e4 c5 2. Nf3 d6 3. d4 cxd4 4. Nxd4 Nf6 5. Nc3 a6 6. Bg5 e6 7. f4 h6 8.
Bh4 Be7 9. Qf3 Qc7 10. O-O-O Nbd7 11. Be2 b5 12. e5 Bb7 13. Qg3 dxe5 14.
fxe5 Qxe5 15. Rhe1 Qxg3 16. Bxg3 O-O-O 17. a4 b4 18. Nb1 Nc5 19. a5 Bxg2 20.
c3 Nfe4 21. cxb4 Nxg3 22. hxg3 Nb7 23. Bxa6 Kb8 24. Nc3 Bxb4 25. Bxb7 Kxb7
26. a6+ Kxa6 27. Nc6 Rxd1+ 28. Rxd1 Bxc3 29. bxc3 Bxc6 30. Rd6 Kb5 31. Rd4
Kc5 32. Rb4 Rd8 33. Rf4 f5 34. Rh4 Rd3 35. Rb4 Rxc3+ 36. Kb2 Kxb4 37. g4 Bd5
38. Kb1 Be4+ 39. Kb2 Rc2+ 40. Ka1 Kb3 41. Kb1 Rc3+ 42. Ka1 Rc1#
{White checkmated}
0-1

[Event "ICCopen2016"]
[Site "Internet Chess Club"]
[Date "2016.06.03"]
[Round "1"]
[White "FidePatzer1"]
[Black "Darnoc"]
[Result "1-0"]
[ICCResult "Black forfeits on time"]
[WhiteElo "1820"]
[BlackElo "2864"]
[Opening "French: exchange variation"]
[ECO "C01"]
[NIC "FR.01"]
[Time "19:03:15"]
[TimeControl "180+0"]

1. e4 e6 2. d4 d5 3. exd5 exd5 4. Nf3 Bd6 5. Bd3 Nc6 6. O-O Bg4 7. c3 Nge7
8. h3 Bf5 9. Bxf5 Nxf5 10. Qd3 Nfe7 11. Nbd2 Qd7 12. c4 dxc4 13. Nxc4 O-O
14. Be3 Rfe8 15. Rfe1 Rad8 16. Rad1 Nb4 17. Qb3 Nbd5 18. Nce5 Qc8 19. a3 c6
20. Nd3 h6 21. Nc5 Bxc5 22. dxc5 Nf5 23. Bc1 Qc7 24. Qc4 Qa5 25. b4 Qa4 26.
Bb2 Nde3 27. Rxd8 Nxc4 28. Rexe8+ Kh7 29. g4 Nfd6 30. cxd6 Qd1+ 31. Kg2 Qd5
32. Rg8 f6 33. Rh8+ Kg6 34. Bc3 Nxd6 35. b5 a6 36. Bb4 c5 37. Bd2 axb5 38.
Bf4 Qe4 39. Rxd6 c4 40. Rd4 Qe6 41. Nh4+ Kf7 42. Nf5 Qc6+ 43. f3
{Black forfeits on time}
1-0

[Event "ICCopen2016"]
[Site "Internet Chess Club"]
[Date "2016.06.03"]
[Round "1"]
[White "Qualm"]
[Black "Astaneh"]
[Result "0-1"]
[ICCResult "White forfeits on time"]
[WhiteElo "1723"]
[BlackElo "2772"]
[Opening "Grünfeld: modern exchange variation"]
[ECO "D90"]
[NIC "GI.07"]
[Time "19:03:21"]
[TimeControl "180+0"]

1. d4 Nf6 2. Nf3 g6 3. c4 Bg7 4. Nc3 d5 5. cxd5 Nxd5 6. e4 Nxc3 7. bxc3 c5
8. Be3 O-O 9. h3 Nc6 10. Qd2 Qa5 11. Rd1 Rd8 12. Bc4 e6 13. O-O cxd4 14.
cxd4 Qxd2 15. Rxd2 Na5 16. Be2 b6 17. Bg5 f6 18. Be3 Bb7 19. Bd3 Rac8 20.
Rc2 Rxc2 21. Bxc2 Rc8 22. Ba4 Kf7 23. Nd2 Nc4 24. Nxc4 Rxc4 25. Bb3 Rc3 26.
Bd2 Rd3 27. Bf4 Rxd4 28. f3 Bf8 29. Rc1 Bc5 30. Be3 Rd5 31. Bxc5 Rxc5 32.
Rxc5 bxc5 33. Bc4 Ke7 34. Kf2 Kd6 35. Ke3 e5 36. h4 h6 37. g3 g5 38. hxg5
hxg5 39. g4 Bc8 {White forfeits on time} 0-1

[Event "ICCopen2016"]
[Site "Internet Chess Club"]
[Date "2016.06.03"]
[Round "1"]
[White "lion100"]
[Black "hedgie"]
[Result "0-1"]
[ICCResult "White forfeits on time"]
[WhiteElo "1314"]
[BlackElo "2083"]
[Opening "Sicilian: Taimanov variation"]
[ECO "B48"]
[NIC "SI.39"]
[Time "19:03:39"]
[TimeControl "180+0"]

1. e4 c5 2. Nf3 Nc6 3. d4 cxd4 4. Nxd4 e6 5. Be3 Qc7 6. Nc3 a6 7. f3 Nf6 8.
Qd2 Bb4 9. Nde2 d5 10. O-O-O dxe4 11. fxe4 O-O 12. a3 Nxe4 13. Qe1 Nxc3 14.
Nxc3 Be7 15. Bd3 Ne5 16. Be4 Bd7 17. Qg3 f6 18. Bh6 Rf7 19. Bf4 Bc6 20. Bxe5
fxe5 21. Bd3 Raf8 22. Qh3 g6 23. Qxe6 Bxg2 24. Rhg1 Qc6 25. Qg4 Bf3 26. Qh3
Bxd1 27. Nxd1 Qf3 28. Qh6 Qf4+ 29. Qxf4 exf4 30. Nf2 Bc5 31. Rf1 Kg7 32. Ng4
Re7 33. h4 h5 34. Nh2 Be3+ 35. Kb1 b5 36. Nf3 Rfe8 37. Ng5 Bd4 38. Rxf4 Re1+
39. Ka2 Bf6 40. Ne4 Be5 41. Rf2 Bxb2 42. Kxb2 R1xe4 43. Bxe4 Rxe4 44. c3
Rxh4 45. Re2 Ra4 46. Re7+ Kh6 47. Re6 h4 48. Kb3 h3 49. Re1 g5 50. Rh1 g4
{White forfeits on time}
0-1

[Event "ICCopen2016"]
[Site "Internet Chess Club"]
[Date "2016.06.03"]
[Round "1"]
[White "jefferyx"]
[Black "d13gocr"]
[Result "1-0"]
[ICCResult "Black forfeits on time"]
[WhiteElo "2730"]
[BlackElo "1706"]
[Opening "Polish (Sokolsky) opening"]
[ECO "A00"]
[NIC "VO.10"]
[Time "19:03:42"]
[TimeControl "180+0"]

1. b4 Nf6 2. Bb2 g6 3. Bxf6 exf6 4. a3 Bg7 5. d4 O-O 6. e3 d5 7. g3 c6 8.
Bg2 Re8 9. Ne2 Qd6 10. Nd2 b5 11. Nb3 Nd7 12. O-O Nb6 13. Nf4 g5 14. Nd3 Nc4
15. a4 Bd7 16. axb5 cxb5 17. Ndc5 Bc6 18. Ra6 Qc7 19. Na5 Nxa5 20. Rxa5 Bf8
21. Qd3 Bd6 22. Rfa1 Bxc5 23. dxc5 Bb7 24. Rxb5 Bc6 25. Rba5 Re7 26. Bxd5
Rd8 27. Rxa7 Qxa7 28. Rxa7 Rxa7 29. c4 Rad7 30. Qf5 Bxd5 31. cxd5 Rxd5 32.
Qxf6 Rd1+ 33. Kg2 R1d5 34. c6 R8d6 35. Qc3 Rd8 36. Qc4 R5d6 37. b5 Rc8 38.
Qc5 Re6 39. Qxg5+ Kf8 40. Qc5+ Kg7 41. c7 f6 42. b6 {Black forfeits on time}
1-0

[Event "ICCopen2016"]
[Site "Internet Chess Club"]
[Date "2016.06.03"]
[Round "1"]
[White "Chess64"]
[Black "aplusk"]
[Result "0-1"]
[ICCResult "White checkmated"]
[WhiteElo "1741"]
[BlackElo "2850"]
[Opening "Queen's pawn"]
[ECO "A40"]
[NIC "QP.05"]
[Time "19:03:03"]
[TimeControl "180+0"]

1. d4 e6 2. Nf3 Nf6 3. Bf4 b6 4. e3 Bb7 5. c3 Be7 6. Nbd2 O-O 7. h3 c5 8.
Bc4 Nd5 9. Bg3 f5 10. O-O Ba6 11. Bxa6 Nxa6 12. Nc4 cxd4 13. exd4 b5 14. Ne3
Nxe3 15. fxe3 d5 16. Ne5 Rc8 17. Qe2 Qa5 18. b4 Qa4 19. Rfc1 Bd6 20. Bf4
Bxe5 21. Bxe5 Nb8 22. Bxb8 Rxb8 23. Qc2 Qxc2 24. Rxc2 Rfc8 25. Rac1 Rc6 26.
Kf2 Rbc8 27. Ke2 a5 28. Kd3 axb4 29. cxb4 Rc4 30. a3 Ra8 31. Ra1 Rxb4 32.
axb4 Rxa1 33. Rc8+ Kf7 34. Rb8 Ra3+ 35. Ke2 Ra2+ 36. Kf3 g5 37. Rxb5 h5 38.
Rb7+ Kf6 39. b5 Ra3 40. b6 f4 41. Rh7 Rxe3+ 42. Kf2 Rb3 43. b7 g4 44. Rxh5
gxh3 45. Rxh3 Rxb7 46. Kf3 Rb4 47. Kxf4 Rxd4+ 48. Ke3 Re4+ 49. Kf3 Ra4 50.
Rh6+ Ke5 51. g4 Ra3+ 52. Ke2 Rg3 53. Rg6 d4 54. Kd2 Kd5 55. g5 e5 56. Rg8
Rg2+ 57. Ke1 Ke4 58. g6 Ke3 59. Kf1 Rg5 60. g7 e4 61. Ra8 Rxg7 62. Ra3+ d3
63. Ra1 Rh7 64. Kg1 Kf3 65. Rf1+ Kg3 66. Rf6 d2 67. Rg6+ Kf3 68. Rf6+ Ke2
69. Rd6 d1=Q+ 70. Rxd1 Kxd1 71. Kg2 Kd2 72. Kg3 Kd3 73. Kf4 e3 74. Kg5 e2
75. Kg6 Rh1 76. Kf5 Rf1+ 77. Ke5 e1=Q+ 78. Kd5 Qb4 79. Kc6 Qf4 80. Kd7 Rg1
81. Kc6 Rg5 82. Kb7 Qh4 83. Kc8 Qh6 84. Kd7 Rg7+ 85. Kd8 Qh8# {White
checkmated} 0-1

[Event "ICCopen2016"]
[Site "Internet Chess Club"]
[Date "2016.06.03"]
[Round "1"]
[White "Bubacik"]
[Black "Ira57"]
[Result "1-0"]
[ICCResult "Black forfeits on time"]
[WhiteElo "2637"]
[BlackElo "1678"]
[Opening "Neo-Grünfeld, 6.cd Nxd5, 7.O-O c5, 8.Nc3"]
[ECO "D90"]
[NIC "GI.07"]
[Time "19:03:34"]
[TimeControl "180+0"]

1. d4 Nf6 2. Nf3 g6 3. c4 Bg7 4. Nc3 d5 5. cxd5 Nxd5 6. g3 O-O 7. Bg2 c5 8.
O-O Nc6 9. Nxd5 Qxd5 10. Be3 cxd4 11. Nxd4 Qd6 12. Nxc6 bxc6 13. Qxd6 exd6
14. Bxc6 Rb8 15. Rab1 Rxb2 16. Rxb2 Bxb2 17. Rb1 Ba3 18. Bh6 Bf5 19. Rb3 Rc8
20. e4 Be6 21. Bd5 Bxd5 22. exd5 Bc5 23. Rb7 Re8 24. Kg2 f5 25. Rg7+ Kh8 26.
h4 Re2 27. Rf7 Re8 28. h5 Kg8 29. Rg7+ Kh8 30. f3 Be3 31. f4 Bd4 32. Rd7 Bc5
33. Bg7+ Kg8 34. Bc3 Re2+ 35. Kf1 Rxa2 36. Rg7+ Kf8 37. Rxh7 gxh5 38. Rxh5
Rc2 39. Rxf5+ Ke7 40. Bf6+ Kd7 41. Bg5 Rf2+ 42. Ke1 Rg2 43. Rf7+ Ke8 44.
Re7+ Kf8 45. Bh4 Rxg3 46. Rh7 Re3+ 47. Kd2 Re4 48. Bg5 Rd4+ 49. Kc3 Rxd5 50.
Bh6+ Kg8 51. Rb7 {Black forfeits on time} 1-0

[Event "ICCopen2016"]
[Site "Internet Chess Club"]
[Date "2016.06.03"]
[Round "1"]
[White "Pitchoun"]
[Black "paulohaddad"]
[Result "1-0"]
[ICCResult "Black resigns"]
[WhiteElo "2765"]
[BlackElo "1715"]
[Opening "QGD semi-Slav"]
[ECO "D43"]
[NIC "QP.11"]
[Time "19:04:02"]
[TimeControl "180+0"]

1. Nf3 Nf6 2. c4 e6 3. Nc3 d5 4. d4 c6 5. Bg5 Be7 6. e3 O-O 7. Qc2 Nbd7 8.
cxd5 exd5 9. Bd3 h6 10. Bf4 Re8 11. h3 b5 12. O-O Nb6 13. Ne5 Bb7 14. a4 a6
15. b3 Rc8 16. Rfc1 Nfd7 17. Bh7+ Kf8 18. Bg6 Nxe5 19. Bxe5 fxg6 20. Qxg6
Bf6 21. Bf4 Qe7 22. Ne2 Qf7 23. Qd3 g5 24. Bh2 Kg7 25. Ng3 Qg6 26. Nf5+ Kh7
27. Qc2 Rcd8 28. axb5 axb5 29. Ra7 Rb8 30. Bxb8 Rxb8 31. Nd6 Qxc2 32. Rxc2
Nc4 33. Rxb7+ Rxb7 34. Nxb7 Na3 35. Rxc6 Kg7 36. Nd6 Be7 37. Nf5+ Kf7 38.
Nxe7 Kxe7 39. Rxh6 {Black resigns} 1-0

[Event "ICCopen2016"]
[Site "Internet Chess Club"]
[Date "2016.06.03"]
[Round "1"]
[White "inoahlot"]
[Black "Bessel"]
[Result "0-1"]
[ICCResult "White resigns"]
[WhiteElo "1284"]
[BlackElo "2077"]
[Opening "Caro-Kann: closed (Breyer) variation"]
[ECO "B10"]
[NIC "CK.01"]
[Time "19:03:50"]
[TimeControl "180+0"]

1. e4 c6 2. d3 d5 3. exd5 cxd5 4. Nf3 Nc6 5. d4 Nf6 6. Be3 Bg4 7. Bd3 e6 8.
h3 Bh5 9. g4 Bg6 10. Bxg6 hxg6 11. Nc3 Nxg4 12. Qd2 Nxe3 13. Qxe3 a6 14.
O-O-O b5 15. Qg5 Qxg5+ 16. Nxg5 Be7 17. h4 Rxh4 18. f4 Bxg5 19. fxg5 Rxh1
20. Rxh1 Ke7 21. Ne2 Rc8 22. c3 b4 23. Kd2 bxc3+ 24. bxc3 Na5 25. Kc2 Nc4
26. Rh7 Ne3+ 27. Kd3 Nf5 28. Nc1 f6 29. gxf6+ Kxf6 30. Nb3 g5 31. Nc5 g4 32.
Rh1 g3 33. Rf1 Rh8 34. Nd7+ Kg5 35. Ne5 Rh2 36. Nf3+ Kg4 37. Nxh2+ gxh2 38.
Rh1 Kh3 39. c4 dxc4+ 40. Kxc4 Kg2 41. Rxh2+ Kxh2 42. a4 Kg3 43. Kc5 Kf4 44.
d5 exd5 45. Kxd5 g5 46. Kc5 g4 47. Kb6 g3 48. Kxa6 g2 49. Kb6 g1=Q+ 50. Kb7
Qc5 51. Kb8 Nd6 {White resigns} 0-1

[Event "ICCopen2016"]
[Site "Internet Chess Club"]
[Date "2016.06.03"]
[Round "1"]
[White "cloak1"]
[Black "Kastor"]
[Result "0-1"]
[ICCResult "White forfeits on time"]
[WhiteElo "1776"]
[BlackElo "2876"]
[Opening "Sicilian: Scheveningen (Paulsen), classical variation"]
[ECO "B84"]
[NIC "SI.23"]
[Time "19:03:24"]
[TimeControl "180+0"]

1. e4 c5 2. Nf3 d6 3. d4 cxd4 4. Nxd4 Nf6 5. Nc3 a6 6. Be2 e6 7. O-O Be7 8.
Kh1 Qc7 9. Be3 O-O 10. f4 b5 11. a3 Bb7 12. Bf3 Nbd7 13. Qe2 Nc5 14. Bg1 g6
15. e5 Ne8 16. Rae1 Ng7 17. Ne4 Nxe4 18. Bxe4 Bxe4 19. Qxe4 d5 20. Qf3 h5
21. c3 Bc5 22. g4 hxg4 23. Qxg4 Bxd4 24. Bxd4 Nf5 25. Rg1 Kg7 26. Qg5 Qd8
27. Qxd8 Rfxd8 28. Rd1 Rh8 29. Rg2 Rh3 30. Rf2 Rah8 31. Kg1 Nh4 32. Rdf1 Nf5
33. Rd1 R8h4 34. a4 bxa4 35. Ra1 Rd3 36. Rxa4 Rg4+ 37. Kf1 Rd1+ 38. Ke2 Rgg1
39. Rxa6 Nh4 40. Ke3 Nf5+ 41. Kf3 Nxd4+ 42. cxd4 Rd3+ 43. Ke2 Rxd4 44. Rb6
Rc1 45. b4 Rb1 46. b5 Rdb4 47. Kf3 Rxb5 48. Rxb5 Rxb5 49. Rd2 Rb3+ 50. Kg4
Re3 51. h4 Re1 52. Rd4 Rg1+ 53. Kf3 Kh6 54. Ra4 Rh1 55. Ra7 Kg7 56. Kg3 Rc1
57. Rd7 Rc8 58. Kf3 Rh8 59. Kg4 Rh5 60. Kg3 Rf5 61. Kg4 Rh5 62. Kg3 Kf8 63.
Kg4 Ke8 64. Rc7 Kf8 65. Rc1 Rh7 66. Rc8+ Kg7 67. Rc6 Kh6 68. Rd6 Rg7
{White forfeits on time}
0-1

[Event "ICCopen2016"]
[Site "Internet Chess Club"]
[Date "2016.06.03"]
[Round "1"]
[White "pagoda"]
[Black "Red-white"]
[Result "0-1"]
[ICCResult "White forfeits on time"]
[WhiteElo "1887"]
[BlackElo "3138"]
[Opening "Vienna gambit: Paulsen attack"]
[ECO "C29"]
[NIC "VG.03"]
[Time "19:03:48"]
[TimeControl "180+0"]

1. Nc3 Nf6 2. e4 e5 3. f4 d5 4. fxe5 Nxe4 5. Qf3 Nxc3 6. dxc3 Be6 7. Bf4 Nd7
8. O-O-O c6 9. Kb1 Be7 10. Ne2 Qc7 11. Nd4 Nc5 12. Nxe6 fxe6 13. Bd3 O-O-O
14. Bg3 Kb8 15. Rhf1 Qb6 16. Qe3 Rdf8 17. b3 g6 18. Bf4 h5 19. Bh6 Rxf1 20.
Rxf1 Nxd3 21. cxd3 d4 22. cxd4 Bb4 23. Bg5 Bc3 24. Rf7 Bxd4 25. Qf4 Rc8 26.
Rf8 Qc5 27. Rxc8+ Kxc8 28. Qf7 Qd5 29. Qe8+ Kc7 30. Qe7+ Kb6 31. Qd8+ Qxd8
32. Bxd8+ Kc5 33. Bf6 Kd5 34. Kc2 Bxe5 35. Bg5 Bxh2 36. Bd2 e5 37. g4 hxg4
38. b4 e4 39. a4 g3 40. b5 g2 41. dxe4+ Kxe4 42. bxc6 bxc6
{White forfeits on time}
0-1

[Event "ICCopen2016"]
[Site "Internet Chess Club"]
[Date "2016.06.03"]
[Round "1"]
[White "claris"]
[Black "HawkKing"]
[Result "0-1"]
[ICCResult "White checkmated"]
[WhiteElo "1445"]
[BlackElo "2310"]
[Opening "Catalan: closed, 5.Nf3"]
[ECO "E06"]
[NIC "CA.04"]
[Time "19:03:43"]
[TimeControl "180+0"]

1. d4 e6 2. c4 d5 3. Nf3 Nf6 4. g3 Be7 5. Bg2 O-O 6. O-O c6 7. Qc2 Ne4 8.
Ne5 f5 9. Nc3 Nd7 10. f4 Nxe5 11. fxe5 Qb6 12. c5 Qc7 13. a3 Bd7 14. b4 Be8
15. Kh1 Bg6 16. Bf4 b6 17. Nxe4 fxe4 18. Qd2 bxc5 19. bxc5 Rab8 20. Bg5 h6
21. Bxh6 gxh6 22. Qxh6 Bh7 23. Qxe6+ Kh8 24. Rf7 Rxf7 25. Qxf7 Rf8 26. Qe6
Bg5 27. Qg4 Qg7 28. Qe6 Qc7 29. Qg4 Qg7 30. Qe6 Qg6 31. Qd7 e3 32. e6 Rf2
33. Qc8+ Kg7 34. Qxc6 Rxg2 35. Qd7+ Kh6 36. Kxg2 Qh5 37. Qxd5 Qxe2+ 38. Kh3
Qf2 39. Qg2 Qf5+ 40. g4 Qxe6 41. Re1 Be4 42. Qe2 Kg6 43. Rf1 Qe7 44. Re1
Qh7+ 45. Kg3 Qh4# {White checkmated} 0-1